 Dungeon Crawl Stone Soup version 0.19.5 (webtiles) character file.

5124 alfred1011 the Covert (level 10, 0/44 HPs)
             Began as a Spriggan Enchanter on Apr 27, 2017.
             Was an Elder of Okawaru.
             Killed from afar by Josephine (14 damage)
             ... with a ghostly fireball
             ... on level 10 of the Dungeon.
             The game lasted 01:11:56 (12179 turns).

alfred1011 the Covert (Spriggan Enchanter)         Turns: 12179, Time: 01:11:56

Health: 0/44       AC:  5    Str:  4    XL:     10   Next: 32%
Magic:  0/22       EV: 34    Int: 17    God:    Okawaru [****..]
Gold:   537        SH:  8    Dex: 20    Spells: 4 memorised, 14 levels left

rFire  . . .     SeeInvis +     a - +2 dagger
rCold  . . .     Gourm    .     b - +2 robe
rNeg   . . .     Faith    .     g - +0 buckler
rPois  .         Spirit   +     (helmet restricted)
rElec  .         Reflect  .     v - +0 cloak
rCorr  .         Harm     .     (gloves unavailable)
MR     +....                    (boots unavailable)
Stlth  ++++++....               E - amulet of guardian spirit
                                m - +5 ring of evasion
                                k - +4 ring of slaying

@: heroism, heavily drained, very quick
A: unfitting armour, see invisible, herbivore 3, speed 3, slow metabolism 2
a: Heroism, Renounce Religion


You were on level 10 of the Dungeon.
You worshipped Okawaru.
Okawaru was greatly pleased with you.
You were not hungry.

You visited 2 branches of the dungeon, and saw 11 of its levels.
You also visited: Ossuary.

You collected 537 gold pieces.

Inventory:

Hand Weapons
 a - a +2 dagger (weapon)
 L - a +1 short sword of venom
Armour
 b - a +2 robe (worn)
 g - a +0 buckler (worn)
 v - a +0 cloak (worn)
Jewellery
 k - a +4 ring of slaying (left hand)
 m - a +5 ring of evasion (right hand)
 E - an amulet of guardian spirit (around neck)
Wands
 n - a wand of disintegration (5/24)
 x - a wand of acid (13/15)
 I - a wand of enslavement (7/24)
 P - a wand of lightning (7/15)
Scrolls
 e - a scroll of magic mapping
 i - 2 scrolls of enchant armour
 j - 7 scrolls of teleportation
 p - a scroll of remove curse
 r - 2 scrolls of blinking
 C - 3 scrolls of amnesia
 H - 3 scrolls of identify
 J - a scroll of fear {unknown}
 K - a scroll of immolation
 M - a scroll of random uselessness {unknown}
 N - a scroll of noise {unknown}
Potions
 f - 2 potions of curing
 h - 2 potions of degeneration {unknown}
 l - a potion of mutation {unknown}
 o - a potion of brilliance {unknown}
 q - a potion of magic
 t - a potion of heal wounds {unknown}
 w - 2 potions of might {unknown}
 z - a potion of flight
 A - 2 potions of resistance
 B - 3 potions of agility
 D - a potion of cure mutation {unknown}
 F - a potion of cancellation
 G - a potion of berserk rage
 O - a potion of ambrosia {unknown}
Books
 c - a book of Maledictions

   Spells                             Type                      Level
   a - Corona                         Hexes                        1
   b - Ensorcelled Hibernation        Hexes/Ice                    2
   c - Confuse                        Hexes                        3
   d - Tukima's Dance                 Hexes                        3
   e - Dazzling Spray                 Conjuration/Hexes            3
 y - a book of Geomancy

   Spells                             Type                      Level
   a - Sandblast                      Earth                        1
   b - Passwall                       Transmutation/Earth          2
   c - Stone Arrow                    Conjuration/Earth            3
   d - Petrify                        Transmutation/Earth          4
   e - Lee's Rapid Deconstruction     Earth                        5
Comestibles
 d - 8 bread rations
 s - a fruit
 u - 2 slices of pizza


   Skills:
 + Level 6.2(9.2) Short Blades
 + Level 9.0(11.9) Dodging
 + Level 10.8(13.6) Stealth
 + Level 4.0(7.1) Shields
 + Level 7.4(5.6) Spellcasting
 - Level 6.9(5.1) Hexes
 - Level 5.0(3.3) Ice Magic


You had 14 spell levels left.
You knew the following spells:

 Your Spells              Type           Power        Failure   Level  Hunger
a - Corona                Hex            ###....      1%          1    None
b - Ensorcelled Hibernat  Hex/Ice        ###...       3%          2    #......
c - Confuse               Hex            ###.....     6%          3    ##.....
d - Tukima's Dance        Hex            ###.....     6%          3    ##.....


Dungeon Overview and Level Annotations

Branches:
Dungeon (10/15)            Temple (1/1) D:6            Lair (0/6) D:10
    Orc: D:9-12

Altars:
Ashenzari
Cheibriados
Dithmenos
Elyvilon
Fedhas
Gozag
Hepliaklqana
Kikubaaqudgha
Makhleb
Okawaru
Qazlal
Ru
Sif Muna
Trog
Uskayaw
Yredelemnul
Zin
The Shining One

Shops:
D:5 ?   D:10 %

Annotations:
D:9 mike2R's ghost, novice DECj
D:10 Josephine


Innate Abilities, Weirdness & Mutations

You are very small and have problems with some larger weapons.
You are too small for most types of armour.
You have supernaturally acute eyesight. (SInv)
You are a herbivore.
You cover ground extremely quickly.
You need consume almost no food.


Message History

Josephine is lightly wounded.
You hit Josephine.
Josephine is moderately wounded.
You block Josephine's attack. The wraith completely misses you.
You hit Josephine.
Josephine is moderately wounded.
You barely miss Josephine.
Josephine is moderately wounded.
Josephine casts a spell at you.
The ghostly flame explodes!
The ghostly fireball engulfs you!
You feel drained.
Ouch! That really hurt!
* * * LOW HITPOINT WARNING * * *
The ghostly fireball engulfs the wraith.
The wraith completely resists.
The ghostly fireball engulfs Josephine.
Josephine completely resists.
The wraith misses you.
You feel better. Josephine barely misses you. The wraith completely misses you.
Josephine screams, "Die!"
Josephine points at you and mumbles some strange words.
The ghostly flame explodes!
The ghostly fireball engulfs you!
You feel drained.
You die...

#........####.#.....
#...<....'..'.######
#........####.......
#........# ###'####
#........# #.##
#######'## #..# ####..#
##.## #....## #..#
######@#### #######'##
#>......# #........#
#....W..# #........'
#....W@.#### #........#
#.......'..###........#
#.......##...'........#
#.......######........#
#.......# #........#
#.......# #........#


You could see Josephine and 2 wraiths.

Vanquished Creatures
  A hill giant (D:10)
  A two-headed ogre (D:10)
  A hornet (D:9)
  4 hippogriffs
  A wraith (D:10)
  An orc warrior (D:8)
  A sky beast (D:9)
  A necrophage (D:10)
  4 phantoms
  6 ogres
  2 centaurs (D:6)
  A big kobold (D:9)
  2 bullfrogs
  4 water moccasin zombies
  2 scorpions (D:6)
  A wyvern skeleton (D:8)
  7 killer bees (D:9)
  A howler monkey (D:4)
  An electric eel (D:6)
  5 crimson imps
  A jelly (D:4)
  2 hounds
  3 bullfrog zombies
  A gnoll shaman (D:7)
  4 orc priests
  A centaur skeleton (D:8)
  An orc wizard (D:7)
  2 bullfrog skeletons
  2 iguanas
  Natasha (thrice) (D:4)
  6 worker ants
  2 big kobold zombies (Ossuary)
  A hound zombie (D:7)
  A hound skeleton (D:6)
  2 mummies (Ossuary)
  3 gnolls (D:7)
  8 adders
  A shadow imp (D:10)
  An ooze (D:2)
  An adder skeleton (D:5)
  7 adder zombies (Ossuary)
  4 worms
  4 dart slugs (D:1)
  4 leopard geckos
  20 orcs
  4 ball pythons
  3 giant cockroaches
  A gnoll zombie (Ossuary)
  6 goblins
  5 hobgoblins
  5 jackals
  4 quokkas
  6 bats
  3 frilled lizards
  A giant cockroach zombie (D:6)
  2 hobgoblin zombies (Ossuary)
  A jackal zombie (D:7)
  11 kobolds
  8 kobold zombies (Ossuary)
  4 orc zombies (Ossuary)
  2 quokka zombies (D:5)
  4 rats
202 creatures vanquished.

Notes
Turn   | Place    | Note
-------+----------+-------------------------------------------
     0 | D:1      | alfred1011 the Spriggan Enchanter began the quest for the Orb.
     0 | D:1      | Reached XP level 1. HP: 9/9 MP: 5/5
   284 | D:1      | Reached XP level 2. HP: 13/13 MP: 6/6
   342 | D:1      | Learned a level 2 spell: Ensorcelled Hibernation
   749 | D:1      | Reached skill level 5 in Stealth
   912 | D:1      | Reached XP level 3. HP: 16/16 MP: 8/8
  1007 | D:1      | You fall through a shaft!
  1036 | D:2      | Learned a level 3 spell: Confuse
  1802 | D:2      | Reached XP level 4. HP: 21/21 MP: 10/10
  2299 | D:3      | Found a bloodstained altar of Trog.
  2386 | D:3      | Found a basalt altar of Yredelemnul.
  2578 | D:3      | Found an ancient bone altar of Kikubaaqudgha.
  2741 | D:4      | Found a shattered altar of Ashenzari.
  2783 | D:4      | Noticed a phantom
  2785 | D:4      | Noticed Natasha
  2977 | D:4      | Killed Natasha
  2977 | D:4      | Reached XP level 5. HP: 22/24 MP: 0/11
  3142 | D:4      | Noticed Natasha
  3154 | D:4      | Killed Natasha
  3154 | D:4      | Reached skill level 5 in Hexes
  3312 | D:4      | Noticed Natasha
  3321 | D:4      | Killed Natasha
  3655 | D:5      | Entered Level 5 of the Dungeon
  3671 | D:4      | Reached skill level 6 in Stealth
  3671 | D:4      | Reached skill level 1 in Shields
  3673 | D:4      | Reached XP level 6. HP: 28/28 MP: 3/12
  3760 | D:5      | Reached skill level 1 in Ice Magic
  4170 | D:5      | Found a sand-covered staircase.
  4181 | Ossuary  | Entered an ossuary
  4528 | Ossuary  | Reached XP level 7. HP: 12/32 MP: 13/13
  5123 | D:5      | Noticed a hippogriff
  5345 | D:5      | Found an opulent altar of Gozag.
  5597 | D:5      | Reached skill level 5 in Ice Magic
  6065 | D:5      | Found Ticzyap's Magic Scroll Shop.
  6205 | D:6      | Reached XP level 8. HP: 29/36 MP: 2/15
  6704 | D:6      | Found a blossoming altar of Fedhas.
  6724 | D:6      | Reached skill level 5 in Dodging
  6817 | D:6      | Found a staircase to the Ecumenical Temple.
  6823 | Temple   | Entered the Ecumenical Temple
  6877 | Temple   | Became a worshipper of Warmaster Okawaru
  7319 | D:6      | Reached skill level 7 in Stealth
  8219 | D:7      | Noticed a hippogriff
  8229 | D:7      | Killed a hippogriff
  8229 | D:7      | Reached * piety under Okawaru
  8229 | D:7      | Reached skill level 5 in Spellcasting
  8664 | D:7      | Reached XP level 9. HP: 19/39 MP: 7/18
  8804 | D:7      | Reached skill level 8 in Stealth
  9926 | D:8      | Reached ** piety under Okawaru
 10123 | D:8      | Reached skill level 9 in Stealth
 10171 | D:8      | Learned a level 3 spell: Tukima's Dance
 10323 | D:9      | Found a white marble altar of Elyvilon.
 10408 | D:9      | Reached skill level 5 in Short Blades
 10565 | D:9      | Reached *** piety under Okawaru
 10600 | D:9      | Reached skill level 10 in Stealth
 10625 | D:9      | Noticed mike2R's ghost (novice DECj)
 11281 | D:9      | Reached XP level 10. HP: 35/44 MP: 6/21
 11443 | D:10     | Entered Level 10 of the Dungeon
 11475 | D:10     | Noticed a hill giant
 11482 | D:10     | Killed a hill giant
 11528 | D:10     | Reached **** piety under Okawaru
 11575 | D:10     | Found Genadik's Food Shoppe.
 11636 | D:10     | Noticed Josephine
 11850 | D:10     | Found a staircase to the Lair.
 12179 | D:10     | Killed from afar by Josephine

Skill      XL: |  1  2  3  4  5  6  7  8  9 10 |
---------------+-------------------------------+-----
Hexes          | 4 5 6 |  6.9
Stealth        | 5 6 7 10 | 10.8
Spellcasting   | 3 4 5 6 7 |  7.4
Dodging        | 4 6 8 9 |  9.0
Shields        | 1 2 3 4 |  4.0
Short Blades   | 2 4 5 6 |  6.2
Ice Magic      | 3 5 |  5.0

Action                   |  1- 3 |  4- 6 |  7- 9 | 10-12 || total
-------------------------+-------+-------+-------+-------++-------
Melee: Dagger            |    74 |   167 |   503 |    76 ||   820
 Cast: Corona            |     9 |    12 |    36 |     6 ||    63
       Ensorcelled Hiber |     7 |    12 |    64 |     2 ||    85
       Confuse           |     1 |     6 |    25 |     7 ||    39
       Tukima's Dance    |       |       |     1 |       ||     1
Invok: Heroism           |       |       |       |     1 ||     1
 Abil: Evoke Flight      |       |       |     2 |       ||     2
Evoke: Wand              |       |       |     1 |       ||     1
  Use: Scroll            |       |       |    20 |     1 ||    21
       Potion            |       |       |     7 |     2 ||     9
 Stab: Sleeping          |    23 |    15 |    45 |     6 ||    89
       Distracted        |     1 |       |     2 |       ||     3
       Confused          |       |     4 |     8 |     3 ||    15
  Eat: Bread ration      |       |     1 |     1 |       ||     2
       Royal jelly       |       |       |     1 |       ||     1
       Pizza             |       |       |     1 |       ||     1
Armor: Robe              |     3 |    15 |    46 |       ||    64
Dodge: Dodged            |    44 |    95 |   328 |    44 ||   511
Block: Buckler           |     3 |    45 |   148 |    12 ||   208
